 Dungeon Crawl Stone Soup version 0.31-a0-38-g1548c4f2a5 (webtiles) character file.

Game seed: 18385946808120348153

78 frimble the Slasher (level 4, -4/38 HPs)
             Began as a Gnoll Reaver on May 16, 2023.
             Slain by Grinder (7 damage)
             ... on level 3 of the Dungeon.
             The game lasted 00:01:49 (1733 turns).

frimble the Slasher (Gnoll Reaver)                  Turns: 1733, Time: 00:01:49

Health: -4/38      AC:  3    Str: 11    XL:     4   Next: 36%
Magic:  11/11      EV: 17    Int: 15    God:
Gold:   105        SH:  0    Dex: 10    Spells: 13/13 levels left

rFire   + . .        a - +0 falchion
rCold   + . .        (no shield)
rNeg    . . .        b - +0 leather armour
rPois   +            (no helmet)
rElec   +            (no cloak)
rCorr   +            (no gloves)
SInv    .            (no boots)
Will    .....        (no amulet)
Stlth   +            f - +5 ring of evasion
HPRegen 0.26/turn    (no ring)
MPRegen 0.12/turn

%: no passive effects
@: resistant, invisible (expiring)
A: fangs 1, strong nose, distributed training
a: no special abilities


You were on level 3 of the Dungeon.
You visited 1 branch of the dungeon, and saw 3 of its levels.

You collected 170 gold pieces.
You spent 65 gold pieces at shops.

Inventory:

Hand Weapons
 a - a +0 falchion (weapon)
Armour
 b - a +0 leather armour (worn)
Jewellery
 f - a +5 ring of evasion (left hand)
Scrolls
 e - 3 scrolls of identify
 i - a scroll of fog
Potions
 c - 2 potions of curing
 h - a potion of ambrosia {unknown}
 j - a potion of heal wounds


   Skills:
 + Level 4.6 Fighting
 + Level 1.2 Short Blades
 + Level 6.6 Long Blades
 + Level 1.2 Axes
 + Level 1.2 Maces & Flails
 + Level 1.2 Polearms
 + Level 1.2 Staves
 + Level 1.2 Ranged Weapons
 + Level 1.2 Throwing
 + Level 1.2 Armour
 + Level 4.6 Dodging
 + Level 1.2 Stealth
 + Level 1.2 Shields
 + Level 1.2 Unarmed Combat
 + Level 5.1 Spellcasting
 + Level 5.5 Conjurations
 + Level 1.0 Hexes
 + Level 1.0 Summonings
 + Level 1.0 Necromancy
 + Level 1.0 Translocations
 + Level 1.0 Transmutations
 + Level 1.0 Fire Magic
 + Level 1.0 Ice Magic
 + Level 1.0 Air Magic
 + Level 1.0 Earth Magic
 + Level 1.0 Poison Magic
 + Level 1.3 Invocations
 + Level 1.2 Evocations


You had 13 spell levels left.
You didn't know any spells.
Your spell library contained the following spells:

 Spells                   Type           Power      Damage    Failure   Level
 Kiss of Death            Conj/Necr      52%        2d9       5%          1
 Momentum Strike          Conj/Tloc      26%        3d8       9%          2
 Dazzling Flash           Conj/Hex       26%        N/A       17%         3
 Hailstorm                Conj/Ice       13%        3d5       17%         3
 Sublimation of Blood     Necr           6%         N/A       22%         2
 Wereblood                Tmut           6%         N/A       22%         2
 Tukima's Dance           Hex            6%         N/A       38%         3
 Passage of Golubria      Tloc           6%         N/A       80%         4
 Agony                    Necr           6%         N/A       98%         5
 Silence                  Hex/Air        3%         N/A       98%         5
 Yara's Violent Unravell  Hex/Tmut       3%         3d4       98%         5
 Summon Hydra             Summ           3%         N/A       100%        7


Dungeon Overview and Level Annotations

Branches:
Dungeon (3/15)

Altars:

Shops:
D:2 *

Annotations:
D:3 Grinder


Innate Abilities, Weirdness & Mutations

You have very sharp teeth.
Your uncanny sense of smell can sniff out nearby items.
Your experience applies equally to all skills.


Message History

Grinder misses you.
You slash Grinder!
Grinder is heavily wounded.
Grinder blinks!
Grinder closely misses you.
You hit Grinder but do no damage.
Grinder is heavily wounded.
Grinder hits you!
You writhe in agony.
You closely miss Grinder.
Grinder is heavily wounded.
Grinder blinks!
Grinder blinks!
You slash Grinder!
Grinder is severely wounded.
Grinder barely misses you.
You closely miss Grinder. You bite Grinder, but do no damage.
Grinder is severely wounded.
You flicker for a moment.
Grinder closely misses you.
You catch the helpless Grinder completely off-guard!
You hit Grinder but do no damage.
Grinder is severely wounded.
Grinder hits you.
You writhe in agony.
* * * LOW HITPOINT WARNING * * *
You hit Grinder. Your bite misses Grinder.
Grinder is severely wounded.
Grinder gestures at you. Pain shoots through your body!
* * * LOW HITPOINT WARNING * * *
You hit Grinder but do no damage.
Grinder is severely wounded.
Grinder hits you!
* * * LOW HITPOINT WARNING * * *
You writhe in agony.
* * * LOW HITPOINT WARNING * * *
You barely miss Grinder.
Grinder is severely wounded.
Grinder says, "FISH!"
Grinder hits you!
You die...

#..##..#####.†......
.......## ##...##....
....... ##..#.......
....##.###..##.(.....
............##.......
##....[.............
#..###..............
##.............
#.@...........
#..5.....##
#........# #........#
#........# ##########


You could see Grinder (unable to see you).

Vanquished Creatures
  A gnoll (D:1)
  2 adders
  2 worms (D:2)
  A dart slug (D:3)
  5 ball pythons
  4 bats
  4 endoplasms
  2 giant cockroaches (D:2)
  A goblin (D:2)
  6 hobgoblins
  2 jackals (D:1)
  4 kobolds
  A quokka (D:3)
  A frilled lizard (D:1)
  5 rats
41 creatures vanquished.

Notes
Turn   | Place    | Note
-------+----------+-------------------------------------------
     0 | D:1      | frimble the Gnoll Reaver began the quest for the Orb.
     0 | D:1      | Reached XP level 1. HP: 20/20 MP: 6/6
    84 | D:1      | Reached XP level 2. HP: 17/26 MP: 7/7
   420 | D:1      | Reached skill level 5 in Spellcasting
   420 | D:1      | Reached XP level 3. HP: 31/31 MP: 7/9
   748 | D:2      | Reached skill level 1 in Invocations
   818 | D:2      | Reached skill level 1 in Short Blades
   818 | D:2      | Reached skill level 1 in Axes
   818 | D:2      | Reached skill level 1 in Maces & Flails
   818 | D:2      | Reached skill level 1 in Polearms
   818 | D:2      | Reached skill level 1 in Staves
   818 | D:2      | Reached skill level 1 in Ranged Weapons
   818 | D:2      | Reached skill level 1 in Throwing
   818 | D:2      | Reached skill level 1 in Armour
   818 | D:2      | Reached skill level 1 in Stealth
   818 | D:2      | Reached skill level 1 in Shields
   818 | D:2      | Reached skill level 1 in Unarmed Combat
   818 | D:2      | Reached skill level 1 in Evocations
   897 | D:2      | Found Toith's General Store.
   941 | D:2      | Bought a potion of heal wounds for 65 gold pieces
  1022 | D:2      | Reached XP level 4. HP: 38/38 MP: 11/11
  1702 | D:3      | Reached skill level 1 in Hexes
  1702 | D:3      | Reached skill level 1 in Summonings
  1702 | D:3      | Reached skill level 1 in Necromancy
  1702 | D:3      | Reached skill level 1 in Translocations
  1702 | D:3      | Reached skill level 1 in Transmutations
  1702 | D:3      | Reached skill level 1 in Fire Magic
  1702 | D:3      | Reached skill level 1 in Ice Magic
  1702 | D:3      | Reached skill level 1 in Air Magic
  1702 | D:3      | Reached skill level 1 in Earth Magic
  1702 | D:3      | Reached skill level 1 in Poison Magic
  1707 | D:3      | Noticed Grinder
  1709 | D:3      | Identified the +1 robe of Sifeschat {Harm rPois MP+9}
  1733 | D:3      | Slain by Grinder

Illustrated notes

Levels and vault maps discovered:
D:1:      mrwooster_arrival_statue_3, layout_basic, kennysheep_another_room
D:2:      layout_basic, serial_shops,
          nicolae_shop_temple_entry_statues_fountains, minivault_19
D:3:      layout_rooms, eat_drink_and_be_merry_uskayaw,
          grunt_decor_mini_mirrors, minmay_crystal_water,
          minmay_fractal_squares_gapless_5, uniq_grinder

Skill      XL: |  1  2  3  4 |
---------------+-------------+-----
Spellcasting   | 5 |  5.1
Invocations    | 1 |  1.3
Short Blades   | 1 |  1.2
Axes           | 1 |  1.2
Maces & Flails | 1 |  1.2
Polearms       | 1 |  1.2
Staves         | 1 |  1.2
Ranged Weapons | 1 |  1.2
Throwing       | 1 |  1.2
Armour         | 1 |  1.2
Stealth        | 1 |  1.2
Shields        | 1 |  1.2
Unarmed Combat | 1 |  1.2
Evocations     | 1 |  1.2
Hexes          | 1 |  1.0
Summonings     | 1 |  1.0
Necromancy     | 1 |  1.0
Translocations | 1 |  1.0
Transmutations | 1 |  1.0
Fire Magic     | 1 |  1.0
Ice Magic      | 1 |  1.0
Air Magic      | 1 |  1.0
Earth Magic    | 1 |  1.0
Poison Magic   | 1 |  1.0
Fighting       | |  4.6
Long Blades    | |  6.6
Dodging        | |  4.6
Conjurations   | |  5.5

Action                     |  1- 3 |  4- 6 || total
---------------------------+-------+-------++-------
  Melee: Falchion          |   109 |    46 ||   155
         Bite              |     4 |     6 ||    10
         Punch             |     1 |       ||     1
    Use: Scroll            |     4 |     3 ||     7
         Potion            |       |     2 ||     2
   Stab: Distracted        |       |     1 ||     1
         Invisible         |       |     1 ||     1
 Armour: Leather armour    |    16 |     1 ||    17
  Dodge: Dodged            |    73 |    29 ||   102

Table legend: (Time is in decaauts)
 A = Elapsed time spent in this place.
 B = Non-inter-level travel time spent in this place.
 C = Inter-level travel time spent in this place.
 D = Time resting spent in this place.
 E = Time spent auto-exploring this place.
 F = Levels seen in this place.
 G = Mean time per level.
                   A        B        C        D        E       F      G
               +--------+--------+--------+--------+--------+-----+--------+
         Total |   1729 |   1707 |     22 |      0 |   1387 |   3 |  576.3 |
       Dungeon |   1729 |   1707 |     22 |      0 |   1387 |   3 |  576.3 |
               +--------+--------+--------+--------+--------+-----+--------+

Top non-repeatable levels by time:
     D:2: 946 daAuts
     D:1: 645 daAuts
     D:3: 138 daAuts
